 Dungeon Crawl Stone Soup version 0.22-a0-283-g1871b15 (webtiles) character file.

367 galech the Ruffian (level 6, -5/62 HPs)
             Began as a Troll Monk on Mar 19, 2018.
             Killed by divine providence
             ... invoked by an orc priest
              (11 damage)
             ... on level 3 of the Dungeon.
             The game lasted 00:04:05 (1902 turns).

galech the Ruffian (Troll Monk)                     Turns: 1902, Time: 00:04:06

Health: -5/62      AC:  5    Str: 22    XL:     6   Next: 41%
Magic:  5/5        EV:  6    Int:  6    God:
Gold:   85         SH:  7    Dex: 15    Spells: 5/5 levels left

rFire    . . .     SeeInvis .   (no weapon)
rCold    . . .     Gourm    +   e - +0 shield
rNeg     . . .     Faith    .   a - +0 robe
rPois    .         Spirit   .   (helmet restricted)
rElec    .         Reflect  .   (no cloak)
rCorr    .         Harm     .   (gloves unavailable)
MR       .....                  (boots unavailable)
Stlth    +.........             l - amulet of the acrobat
HPRegen  0.60/turn              k - +3 ring of dexterity
MPRegen  0.09/turn              (no ring)

@: very heavily drained
A: large, unfitting armour, claws 3, fast metabolism 3, gourmand, regeneration
1, shaggy fur 1, tough skin 2
a: no special abilities


You were on level 3 of the Dungeon.
You were very full.

You visited 1 branch of the dungeon, and saw 3 of its levels.

You collected 85 gold pieces.

Inventory:

Armour
 a - a +0 robe (worn)
 e - a +0 shield (worn)
Jewellery
 k - a +3 ring of dexterity (left claw)
 l - an amulet of the acrobat (around neck)
Wands
 j - a wand of random effects (18)
Scrolls
 d - 4 scrolls of identify {unknown}
 h - a scroll of immolation {unknown}
 i - a scroll of fog {unknown}
 n - 2 scrolls of remove curse {unknown}
 o - a scroll of enchant weapon {unknown}
Potions
 c - a potion of degeneration {unknown}
 g - a potion of mutation {unknown}
 m - a potion of flight {unknown}
 p - a potion of curing {unknown}
 q - a potion of ambrosia {unknown}
Comestibles
 b - 6 rations


   Skills:
 + Level 3.6(0.0) Fighting
 + Level 3.7(0.0) Dodging
 - Level 1.1(0.0) Stealth
 + Level 2.2(0.0) Shields
 + Level 4.4(0.0) Unarmed Combat


You had 5 spell levels left.
You didn't know any spells.

Dungeon Overview and Level Annotations

Branches:
Dungeon (3/15)

Altars:
The Shining One


Innate Abilities, Weirdness & Mutations

You are too large for most types of armour.
You have claws for hands.
Your metabolism is lightning-fast.
You like to eat raw meat.
Your natural rate of healing is unusually fast.
You are covered in fur. (AC +1)
You have very tough skin. (AC +2)


Message History

Deactivating autopickup; reactivate with Ctrl-A.
The kobold barely misses you.
You miss the kobold.
The kobold is moderately wounded.
The orc priest calls down the wrath of Beogh upon you.
Beogh smites you!
* * * LOW HITPOINT WARNING * * *
The kobold hits you with a short sword.
* * * LOW HITPOINT WARNING * * *
You scratch the orc priest.
The orc priest is moderately wounded.
The orc priest hits you.
* * * LOW HITPOINT WARNING * * *
The kobold hits you with a short sword.
* * * LOW HITPOINT WARNING * * *
You scratch the orc priest.
The orc priest is heavily wounded.
The orc priest mumbles some strange prayers to Beogh against you.
Beogh smites you!
You die...

#...
#..##########
#...........#
#.........#
#.........+
##........#
#..o.o....#
#.#######.#
#.##oK@o..# ###.
#)##.####.# ....
#.#...o...#.....
###+##
#)#########....
#.....
#.o..Ko........
#.....
######....#...
#..... #......#
###'## #......#
#. #....o## #


You could see an orc priest, an orc and a kobold.

Vanquished Creatures
  Sigmund (D:2)
  The ghost of DEFE the Cudgeler, an amateur CeFi (D:3)
  Robin (D:2)
  A gnoll (D:1)
  2 adders (D:2)
  2 oozes
  2 worms (D:2)
  2 dart slugs
  2 leopard geckos (D:1)
  18 goblins
  8 hobgoblins
  2 jackals (D:2)
  A ball python (D:2)
  8 bats
  2 frilled lizards (D:1)
  6 kobolds
  10 rats
69 creatures vanquished.

Notes
Turn   | Place    | Note
-------+----------+-------------------------------------------
     0 | D:1      | galech the Troll Monk began the quest for the Orb.
     0 | D:1      | Reached XP level 1. HP: 22/22 MP: 0/0
    52 | D:1      | Found a glowing golden altar of the Shining One.
   168 | D:1      | Reached XP level 2. HP: 29/29 MP: 1/1
   294 | D:1      | Reached XP level 3. HP: 36/36 MP: 2/2
   972 | D:2      | Noticed Robin
  1059 | D:2      | Killed Robin
  1059 | D:2      | Reached skill level 1 in Shields
  1059 | D:2      | Reached XP level 4. HP: 34/45 MP: 3/3
  1089 | D:2      | Noticed Sigmund
  1115 | D:2      | Killed Sigmund
  1115 | D:2      | Reached skill level 4 in Unarmed Combat
  1115 | D:2      | Reached XP level 5. HP: 9/53 MP: 4/4
  1242 | D:2      | Reached XP level 6. HP: 61/61 MP: 5/5
  1584 | D:3      | Noticed DEFE's ghost (amateur CeFi)
  1891 | D:3      | Killed DEFE's ghost
  1902 | D:3      | Killed from afar by an orc priest

Vault maps used:
D:1:      minmay_arrival_shattered_statue, minmay_misc_feat_chi, tso_altar
D:2:      uniq_sigmund, uniq_robin

Skill      XL: |  1  2  3  4  5 |
---------------+----------------+-----
Dodging        | 3 |  3.7
Fighting       | 3 |  3.6
Shields        | 1 2 |  2.2
Unarmed Combat | 4 |  4.4
Stealth        | |  1.1

Action                   |  1- 3 |  4- 6 || total
-------------------------+-------+-------++-------
Melee: Unarmed           |    95 |   101 ||   196
 Stab: Sleeping          |     2 |     1 ||     3
  Eat: Chunk             |    15 |     6 ||    21
Armor: Robe              |    28 |    20 ||    48
Dodge: Dodged            |    25 |    45 ||    70
Block: Shield            |    22 |    45 ||    67

Table legend:
 A = Spawn XP
 B = Non-spawn XP
 C = Spawn XP percentage of total XP
 D = Spawn monster count
 E = Non-spawn monster count
 F = Spawn count percentage of total count
 G = Total turns spent on level
                    A         B        C        D         E        F      G
               +---------+---------+-------+---------+---------+-------+---------
         Total |       0 |     525 |   0.0 |       0 |      69 |   0.0 |  1902
               +---------+---------+-------+---------+---------+-------+---------
           D:1 |       0 |      72 |   0.0 |       0 |      33 |   0.0 |  1026
           D:2 |       0 |     327 |   0.0 |       0 |      31 |   0.0 |   658
           D:3 |       0 |     126 |   0.0 |       0 |       5 |   0.0 |   218
               +---------+---------+-------+---------+---------+-------+---------
